MID
BURLINGTON BEES @ DELMARVA SHOREBIRDS
05/19/2044
 
TOP OF THE 1ST
Burlington Bees batting - Pitching for Delmarva Shorebirds : RHP Tim Kull
Pitching: RHP Tim Kull
Batting: RHB Jonathan Ellis 0-0: Foul Ball, location: 2F
0-1: Ball
1-1: Ball
2-1: Ball
3-1: Foul Ball, location: 2F
3-2: Foul Ball, location: 2F
3-2: SINGLE (Groundball, 34D, EV 108.8 MPH)
Batting: RHB Ryan Munro 0-0: Called Strike
Jonathan Ellis steals 2nd base
0-1: Swinging Strike
0-2: Strikes out swinging
Batting: RHB Melvin Gomez 0-0: Ball
Jonathan Ellis steals 3rd base
1-0: Fly out, F8 (Flyball, 8LD, EV 86.2 MPH)
Runner from 3rd tags up, SCORES, throw by CF
Batting: LHB Bill Kirtley 0-0: Ball
1-0: Ball
2-0: SINGLE (Groundball, 6MD, EV 96.9 MPH)
Batting: LHB Rusty Ney 0-0: Ball
1-0: Foul Ball, location: 2F
1-1: Ground out U3 (Groundball, 23, EV 80.6 MPH)
Top of the 1st over - 1 run, 2 hits, 0 errors, 1 left on base; Burlington 1 - Delmarva 0
BOTTOM OF THE 1ST
Delmarva Shorebirds batting - Pitching for Burlington Bees : RHP Dave Thomas
Pitching: RHP Dave Thomas
Batting: RHB Michel Kamphuis 0-0: Ball
1-0: Swinging Strike
1-1: Ball
2-1: Ball
3-1: Foul Ball, location: 2F
3-2: Foul Ball, location: 2F
3-2: SINGLE (Line Drive, 78S, EV 94.4 MPH)
Batting: LHB Jose Bethancourt 0-0: Ball
1-0: Called Strike
Michel Kamphuis steals 2nd base (no throw)
1-1: 2-RUN HOME RUN (Flyball, 9LD, EV 93.8 MPH), Distance : 329 ft
Batting: LHB Pat Shaddock 0-0: Fly out, F6 (Popup, 6M, EV 76.2 MPH)
Batting: RHB Longfellow Wetzler 0-0: Swinging Strike
0-1: SINGLE (Groundball, 6M, EV 99.4 MPH)
Batting: RHB Kiyuu del Castillo 0-0: Ball
Longfellow Wetzler steals 2nd base
1-0: Foul Ball, location: 2F
1-1: Ball
2-1: Foul Ball, location: 2F
2-2: Strikes out looking
Batting: RHB Willie Manrique 0-0: Swinging Strike
0-1: Ball
1-1: Ball
2-1: Ball
3-1: Called Strike
3-2: Ground out 6-3 (Groundball, 6, EV 85.0 MPH)
Bottom of the 1st over - 2 runs, 3 hits, 0 errors, 1 left on base; Burlington 1 - Delmarva 2
TOP OF THE 2ND
Burlington Bees batting - Pitching for Delmarva Shorebirds : RHP Tim Kull
Batting: LHB Jorge Zermeno 0-0: Called Strike
0-1: Fly out, F6 (Popup, 6MD, EV 45.6 MPH)
Batting: RHB Ben Herman 0-0: Ball
1-0: Ball
2-0: Ground out U3 (Groundball, 3, EV 86.2 MPH)
Batting: SHB Tim Connell 0-0: Ball
1-0: Called Strike
1-1: Ball
2-1: Foul Ball, location: 2F
2-2: Foul Ball, location: 2F
2-2: Ground out 1-3 (Groundball, 13S, EV 68.8 MPH)
Top of the 2nd over - 0 runs, 0 hits, 0 errors, 0 left on base; Burlington 1 - Delmarva 2
BOTTOM OF THE 2ND
Delmarva Shorebirds batting - Pitching for Burlington Bees : RHP Dave Thomas
Batting: LHB Momoru Yasui 0-0: Ball
1-0: Ball
2-0: Called Strike
2-1: Foul Ball, location: 2F
2-2: Ball
3-2: Foul Ball, location: 2F
3-2: Strikes out swinging
Batting: RHB Mario Luna 0-0: Ball
1-0: Foul Ball, location: 2F
1-1: Ball
2-1: Called Strike
2-2: Ball
3-2: Fly out, F9 (Flyball, 9, EV 90.0 MPH)
Batting: RHB Adam Swimmer 0-0: Called Strike
0-1: Ball
1-1: Reached on error, E3 (Groundball, 3S, EV 78.1 MPH)
Batting: RHB Michel Kamphuis 0-0: Ball
1-0: Ball
2-0: Ball
3-0: Called Strike
3-1: Called Strike
3-2: Foul Ball, location: 2F
3-2: Ground out 6-3 (Groundball, 6, EV 93.1 MPH)
Bottom of the 2nd over - 0 runs, 0 hits, 1 error, 1 left on base; Burlington 1 - Delmarva 2
TOP OF THE 3RD
Burlington Bees batting - Pitching for Delmarva Shorebirds : RHP Tim Kull
Batting: RHB Rob Bly 0-0: Ground out 3-1 (Groundball, 34S, EV 90.0 MPH)
Batting: RHB Jonathan Ellis 0-0: Swinging Strike
0-1: Swinging Strike
0-2: Ball
1-2: Strikes out swinging
Batting: RHB Ryan Munro 0-0: Fly out, F8 (Line Drive, 8LM, EV 93.1 MPH)
Top of the 3rd over - 0 runs, 0 hits, 0 errors, 0 left on base; Burlington 1 - Delmarva 2
BOTTOM OF THE 3RD
Delmarva Shorebirds batting - Pitching for Burlington Bees : RHP Dave Thomas
Batting: LHB Jose Bethancourt 0-0: Ball
1-0: Ground out 5-3 (Groundball, 5, EV 88.8 MPH)
Batting: LHB Pat Shaddock 0-0: Ball
1-0: Called Strike
1-1: Ball
2-1: Ball
3-1: SINGLE (Groundball, 4MS, EV 75.0 MPH) (infield hit)
Batting: RHB Longfellow Wetzler 0-0: Called Strike
0-1: Foul Ball, location: 2F
0-2: Ball
1-2: Foul Ball, location: 2F
1-2: Strikes out looking
Batting: RHB Kiyuu del Castillo 0-0: Foul Ball, location: 2F
0-1: Ball
Pat Shaddock steals 2nd base
1-1: Ball
2-1: Called Strike
2-2: Ball
3-2: Strikes out swinging
Bottom of the 3rd over - 0 runs, 1 hit, 0 errors, 1 left on base; Burlington 1 - Delmarva 2
TOP OF THE 4TH
Burlington Bees batting - Pitching for Delmarva Shorebirds : RHP Tim Kull
Batting: RHB Melvin Gomez 0-0: Foul Ball, location: 2F
0-1: Swinging Strike
0-2: Ball
1-2: Strikes out looking
Batting: LHB Bill Kirtley 0-0: Ball
1-0: Ball
2-0: Ball
3-0: Base on Balls
Batting: LHB Rusty Ney 0-0: Ball
1-0: Foul Ball, location: 2F
1-1: Fielders Choice at 2nd, 4-6 (Groundball, 34, EV 96.9 MPH)
Batting: LHB Jorge Zermeno 0-0: Called Strike
Rusty Ney steals 2nd base
0-1: Ground out 4-3 (Groundball, 4, EV 83.8 MPH)
Top of the 4th over - 0 runs, 0 hits, 0 errors, 1 left on base; Burlington 1 - Delmarva 2
BOTTOM OF THE 4TH
Delmarva Shorebirds batting - Pitching for Burlington Bees : RHP Dave Thomas
Batting: RHB Willie Manrique 0-0: SOLO HOME RUN (Flyball, 7D, EV 97.5 MPH), Distance : 371 ft
Batting: LHB Momoru Yasui 0-0: Called Strike
0-1: Called Strike
0-2: Ball
1-2: Strikes out swinging
Batting: RHB Mario Luna 0-0: Ball
1-0: Foul Ball, location: 2F
1-1: Foul Ball, location: 2F
1-2: Strikes out swinging
Batting: RHB Adam Swimmer 0-0: Ball
1-0: Ground out 6-3 (Groundball, 6, EV 100.0 MPH)
Bottom of the 4th over - 1 run, 1 hit, 0 errors, 0 left on base; Burlington 1 - Delmarva 3
TOP OF THE 5TH
Burlington Bees batting - Pitching for Delmarva Shorebirds : RHP Tim Kull
Batting: RHB Ben Herman 0-0: Called Strike
0-1: Called Strike
0-2: Foul Ball, location: 2F
0-2: Foul Ball, location: 2F
0-2: Foul Ball, location: 2F
0-2: Ball
1-2: Ball
2-2: Strikes out swinging
Batting: SHB Tim Connell 0-0: Called Strike
0-1: Called Strike
0-2: Foul Ball, location: 2F
0-2: Strikes out looking
Batting: RHB Rob Bly 0-0: Ball
1-0: Ball
2-0: Ball
3-0: Base on Balls
Batting: RHB Jonathan Ellis 0-0: Called Strike
0-1: Ball
1-1: Called Strike
1-2: Ball
2-2: Foul Ball, location: 2F
2-2: Reached on error, E6 (Groundball, 6, EV 105.0 MPH)
Rob Bly to second
Batting: RHB Ryan Munro 0-0: Reached on error, E6 (Groundball, 6, EV 89.4 MPH)
Rob Bly to third
Jonathan Ellis to second
Batting: RHB Melvin Gomez 0-0: Called Strike
0-1: Called Strike
0-2: Ball
1-2: Ball
2-2: Ball
3-2: Foul Ball, location: 2F
3-2: Foul Ball, location: 2F
3-2: Ground out 5-3 (Groundball, 56, EV 81.2 MPH)
Top of the 5th over - 0 runs, 0 hits, 2 errors, 3 left on base; Burlington 1 - Delmarva 3
BOTTOM OF THE 5TH
Delmarva Shorebirds batting - Pitching for Burlington Bees : RHP Dave Thomas
Batting: RHB Michel Kamphuis 0-0: Called Strike
0-1: Ball
1-1: Foul Ball, location: 2F
1-2: Strikes out swinging
Batting: LHB Jose Bethancourt 0-0: Called Strike
0-1: Ball
1-1: Swinging Strike
1-2: Strikes out swinging
Batting: LHB Pat Shaddock 0-0: Fly out, F4 (Popup, 4S, EV 78.8 MPH)
Bottom of the 5th over - 0 runs, 0 hits, 0 errors, 0 left on base; Burlington 1 - Delmarva 3
TOP OF THE 6TH
Burlington Bees batting - Pitching for Delmarva Shorebirds : RHP Tim Kull
Batting: LHB Bill Kirtley 0-0: Ball
1-0: Foul Ball, location: 2F
1-1: Foul Ball, location: 2F
1-2: Ball
2-2: Foul Ball, location: 2F
2-2: DOUBLE (Flyball, 78D, EV 95.6 MPH)
Batting: LHB Rusty Ney 0-0: Swinging Strike
0-1: Called Strike
0-2: Strikes out looking
Pitching: LHP John Dyer
Batting: LHB Jorge Zermeno 0-0: Fly out, F8 (Flyball, 89D, EV 105.6 MPH)
Batting: RHB Ben Herman 0-0: Swinging Strike
0-1: SINGLE (Line Drive, 9S, EV 93.1 MPH)
Bill Kirtley to third
Runner from 3rd tries for Home, throw by RF and OUT! 9-2
Top of the 6th over - 0 runs, 2 hits, 0 errors, 1 left on base; Burlington 1 - Delmarva 3
BOTTOM OF THE 6TH
Delmarva Shorebirds batting - Pitching for Burlington Bees : RHP Dave Thomas
Pitching: LHP Jose Rivera
Batting: RHB Longfellow Wetzler 0-0: Ball
1-0: Called Strike
1-1: Swinging Strike
1-2: SINGLE (Groundball, 4MD, EV 108.1 MPH)
Batting: RHB Kiyuu del Castillo 0-0: Ball
1-0: Swinging Strike
Longfellow Wetzler is caught stealing 2nd base 2-4
1-1: Ground out 6-3 (Groundball, 6, EV 89.4 MPH)
Batting: RHB Willie Manrique 0-0: SINGLE (Line Drive, 8LS, EV 103.8 MPH)
Batting: LHB Momoru Yasui 0-0: Ball
1-0: Ball
2-0: Foul Ball, location: 2F
2-1: Foul Ball, location: 2F
2-2: Ball
3-2: Strikes out swinging, 2-3 out at first.
Bottom of the 6th over - 0 runs, 2 hits, 0 errors, 1 left on base; Burlington 1 - Delmarva 3
TOP OF THE 7TH
Burlington Bees batting - Pitching for Delmarva Shorebirds : LHP John Dyer
Batting: SHB Tim Connell 0-0: Foul Ball, location: 2F
0-1: Ball
1-1: SINGLE (Groundball, 56D, EV 96.9 MPH)
Batting: RHB Rob Bly 0-0: Ball
1-0: Ball
2-0: Sac Bunt to 25 - play at first, batter OUT! 5-3
Tim Connell to second
Batting: RHB Jonathan Ellis 0-0: Ball
1-0: Ball
2-0: Ball
3-0: Called Strike
3-1: Foul Ball, location: 2F
3-2: Ground out 4-3 (Groundball, 4S, EV 87.5 MPH)
Tim Connell to third
Batting: RHB Ryan Munro 0-0: Ball
1-0: Ground out 6-3 (Groundball, 56, EV 101.2 MPH)
Top of the 7th over - 0 runs, 1 hit, 0 errors, 1 left on base; Burlington 1 - Delmarva 3
BOTTOM OF THE 7TH
Delmarva Shorebirds batting - Pitching for Burlington Bees : LHP Jose Rivera
Pitching: RHP Mike Walrath
Batting: RHB Mario Luna 0-0: Swinging Strike
0-1: Ball
1-1: Foul Ball, location: 2F
1-2: Strikes out looking
Batting: RHB Adam Swimmer 0-0: SINGLE (Groundball, 6MS, EV 71.2 MPH) (infield hit)
Batting: RHB Michel Kamphuis 0-0: Ball
1-0: Swinging Strike
1-1: Foul Ball, location: 2F
1-2: Fly out, F9 (Flyball, 9S, EV 96.2 MPH)
Batting: LHB Jose Bethancourt 0-0: Fielders Choice at 2nd, 5-4 (Groundball, 5, EV 101.9 MPH)
Bottom of the 7th over - 0 runs, 1 hit, 0 errors, 1 left on base; Burlington 1 - Delmarva 3
TOP OF THE 8TH
Burlington Bees batting - Pitching for Delmarva Shorebirds : LHP John Dyer
Batting: RHB Melvin Gomez 0-0: Called Strike
0-1: Foul Ball, location: 2F
0-2: Fly out, F9 (Flyball, 9D, EV 91.2 MPH)
Batting: LHB Bill Kirtley 0-0: Called Strike
0-1: Swinging Strike
0-2: Strikes out swinging
Batting: LHB Rusty Ney 0-0: Called Strike
0-1: Ball
1-1: SINGLE (Flyball, 34D, EV 89.4 MPH)
Batting: LHB Jorge Zermeno 0-0: Fly out, F8 (Flyball, 8LXD, EV 107.5 MPH)
Top of the 8th over - 0 runs, 1 hit, 0 errors, 1 left on base; Burlington 1 - Delmarva 3
BOTTOM OF THE 8TH
Delmarva Shorebirds batting - Pitching for Burlington Bees : RHP Mike Walrath
Pitching: RHP Craig Murphy
Batting: LHB Pat Shaddock 0-0: Called Strike
0-1: Foul Ball, location: 2F
0-2: Ball
1-2: Ball
2-2: Foul Ball, location: 2F
2-2: Foul Ball, location: 2F
2-2: Foul Ball, location: 2F
2-2: Foul Ball, location: 2F
2-2: Ball
3-2: SINGLE (Groundball, 6MS, EV 71.2 MPH) (infield hit)
Batting: RHB Longfellow Wetzler 0-0: Called Strike
Pat Shaddock steals 2nd base
0-1: Ball
1-1: Foul Ball, location: 2F
1-2: DOUBLE (Groundball, 5L, EV 94.4 MPH)
Pat Shaddock scores
Batting: RHB Kiyuu del Castillo 0-0: Ball
1-0: Ball
2-0: Foul Ball, location: 2F
2-1: Fly out, F8 (Line Drive, 8LM, EV 91.9 MPH)
Batting: RHB Willie Manrique 0-0: Swinging Strike
0-1: Foul Ball, location: 2F
0-2: Strikes out looking
Batting: LHB Momoru Yasui 0-0: Ball
1-0: Ball
2-0: Ground out 4-3 (Groundball, 4, EV 86.2 MPH)
Bottom of the 8th over - 1 run, 2 hits, 0 errors, 1 left on base; Burlington 1 - Delmarva 4
TOP OF THE 9TH
Burlington Bees batting - Pitching for Delmarva Shorebirds : LHP John Dyer
Pitching: LHP Mark Gehring
Batting: RHB Ben Herman 0-0: Called Strike
0-1: Ground out 6-3 (Groundball, 6, EV 86.9 MPH)
Batting: SHB Tim Connell 0-0: Called Strike
0-1: Ball
1-1: Ground out 5-3 (Groundball, 5, EV 106.2 MPH)
Batting: RHB Rob Bly 0-0: Ball
1-0: Ball
2-0: Called Strike
2-1: Called Strike
2-2: Foul Ball, location: 2F
2-2: Ball
3-2: Base on Balls
Batting: RHB Jonathan Ellis 0-0: Ball
1-0: Swinging Strike
1-1: Foul Ball, location: 2F
1-2: Foul Ball, location: 2F
1-2: Ball
2-2: Foul Ball, location: 2F
2-2: Strikes out swinging
Top of the 9th over - 0 runs, 0 hits, 0 errors, 1 left on base; Burlington 1 - Delmarva 4
Thursday, March 31st , 2022 - OOTP Baseball 22.12 Build 89